 Dungeon Crawl Stone Soup version 0.21.0-37-g46506fa5f3 (webtiles) character file.

172 Fascinator the Conjurer (level 5, 0/29 HPs)
             Began as a Deep Elf Conjurer on Feb 1, 2018.
             Killed from afar by an orc wizard (5 damage)
             ... with a puff of flame
             ... on level 3 of the Dungeon.
             The game lasted 00:12:32 (3019 turns).

Fascinator the Conjurer (Deep Elf Conjurer)         Turns: 3019, Time: 00:12:35

Health: 0/29       AC:  5    Str:  5    XL:     5   Next: 27%
Magic:  1/13       EV: 14    Int: 21    God:
Gold:   129        SH:  0    Dex: 15    Spells: 4/12 levels left

rFire    . . .     SeeInvis .   e - +0 short sword
rCold    . . .     Gourm    .   (no shield)
rNeg     . . .     Faith    .   a - +0 robe
rPois    .         Spirit   .   u - +0 helmet
rElec    .         Reflect  .   n - +0 cloak
rCorr    .         Harm     .   g - +0 pair of gloves
MR       .....                  (no boots)
Stlth    +++.......             (no amulet)
HPRegen  0.09/turn              (no ring)
MPRegen  0.13/turn              (no ring)

@: lethally poisoned (0 -> -8)
A: no striking features
a: no special abilities


You were on level 3 of the Dungeon.
You were hungry.

You visited 1 branch of the dungeon, and saw 3 of its levels.

You collected 129 gold pieces.

Inventory:

Hand Weapons
 e - a +0 short sword (weapon)
Armour
 a - a +0 robe (worn)
 g - a +0 pair of gloves (worn)
 n - a +0 cloak (worn)
 u - a +0 helmet (worn)
Jewellery
 d - an uncursed ring of wizardry {unknown}
 t - an uncursed ring of wizardry {unknown}
Scrolls
 f - a scroll of blinking {unknown}
 m - 2 scrolls of noise {unknown}
 o - a scroll of immolation {unknown}
 p - 4 scrolls of identify {unknown}
 q - 2 scrolls of remove curse {unknown}
 r - 2 scrolls of enchant armour {unknown}
Potions
 h - a potion of berserk rage {unknown}
 i - a potion of curing
 j - a potion of lignification {unknown}
 k - a potion of degeneration {unknown}
 l - 2 potions of cancellation {unknown}
 s - a potion of brilliance {unknown}
Books
 b - a book of Conjurations

   Spells                             Type                      Level
   a - Magic Dart                     Conjuration                  1
   b - Searing Ray                    Conjuration                  2
   c - Dazzling Spray                 Conjuration/Hexes            3
   d - Fulminant Prism                Conjuration/Hexes            4
   e - Force Lance                    Conjuration/Translocation    4
   f - Iskenderun's Mystic Blast      Conjuration                  4
Comestibles
 c - 5 rations
 v - 2 chunks of flesh


   Skills:
 + Level 1.4 Fighting
 + Level 3.6 Dodging
 + Level 3.6 Stealth
 + Level 4.1 Spellcasting
 * Level 5.3 Conjurations


You had 4 spell levels left.
You knew the following spells:

 Your Spells              Type           Power        Failure   Level  Hunger
a - Magic Dart            Conj           ####         1%          1    None
b - Dazzling Spray        Conj/Hex       ###...       12%         3    ###....
c - Iskenderun's Mystic   Conj           ####....     13%         4    ####...


Dungeon Overview and Level Annotations

Branches:
Dungeon (3/15)

Altars:
Ru


Message History

You hit the orc wizard.
The orc wizard is severely wounded.
* * * LOW HITPOINT WARNING * * *
You feel sick.
The orc wizard casts a spell.
The orc wizard flickers and vanishes!
Deactivating autopickup; reactivate with Ctrl-A.
You barely miss something.
* * * LOW HITPOINT WARNING * * *
You feel sick. Something barely misses you.
You miss something.
* * * LOW HITPOINT WARNING * * *
You feel sick. Something hits you but does no damage.
You closely miss something.
* * * LOW HITPOINT WARNING * * *
You feel sick.
You hear some strange, mumbled words.
A puff of flame appears from out of thin air!
The puff of flame hits you!
You die...

#.# #......†).... #.#
#............ ### #.#
#......)..... ..## ##.#
#..).(.# ...## #..#
#.....## ....# ##.##
#.....# ....# #####..##
#.....# (...#
#.......#####...÷.####
....#
###.......@{...>........
>...#
####..###############.
..(.## #......#######
..[..# #..[##........
.....### ###..########.
.......# ##)## ..(..#.##
#..###
.....#..########...####
...#<.#........###....#


There were no monsters in sight!

Vanquished Creatures
  Jessica (D:2)
  3 gnolls
  3 adders (D:2)
  3 worms
  3 dart slugs
  2 leopard geckos (D:2)
  6 orcs (D:3)
  3 giant cockroaches
  3 hobgoblins (D:2)
  3 jackals (D:2)
  7 bats
  A frilled lizard (D:1)
  6 goblins
  10 kobolds
  21 rats
75 creatures vanquished.

Notes
Turn   | Place    | Note
-------+----------+-------------------------------------------
     0 | D:1      | Fascinator the Deep Elf Conjurer began the quest for the Orb.
     0 | D:1      | Reached XP level 1. HP: 10/10 MP: 6/6
   287 | D:1      | Reached XP level 2. HP: 15/15 MP: 5/8
   957 | D:1      | Reached XP level 3. HP: 20/20 MP: 6/9
  1460 | D:2      | Found a sacrificial altar of Ru.
  1476 | D:2      | Noticed Jessica
  1483 | D:2      | Killed Jessica
  1483 | D:2      | Reached skill level 1 in Fighting
  1485 | D:2      | Reached XP level 4. HP: 20/25 MP: 0/11
  1615 | D:2      | Learned a level 3 spell: Dazzling Spray
  1620 | D:2      | Learned a level 4 spell: Iskenderun's Mystic Blast
  1878 | D:2      | Reached skill level 5 in Conjurations
  2398 | D:2      | Reached XP level 5. HP: 29/29 MP: 4/13
  3019 | D:3      | Killed from afar by an orc wizard

Skill      XL: |  1  2  3  4 |
---------------+-------------+-----
Dodging        | 3 |  3.6
Stealth        | 3 |  3.6
Fighting       | 1 |  1.4
Conjurations   | 5 |  5.3
Spellcasting   | 4 |  4.1

Action                   |  1- 3 |  4- 6 || total
-------------------------+-------+-------++-------
Melee: Short sword       |    17 |    29 ||    46
 Cast: Magic Dart        |    72 |    63 ||   135
       Dazzling Spray    |       |    10 ||    10
       Iskenderun's Myst |       |     4 ||     4
 Stab: Invisible         |       |     1 ||     1
  Eat: Chunk             |     1 |     6 ||     7
Armor: Robe              |     2 |     8 ||    10
Dodge: Dodged            |    18 |    25 ||    43
